 Dungeon Crawl Stone Soup version 0.20-a0-266-gdedccd6 (webtiles) character file.

54 gamerape the Cudgeler (level 3, 0/27 HPs)
             Began as a Demonspawn Gladiator on Dec 5, 2016.
             Slain by a kobold
             ... wielding a +0 whip
              (4 damage)
             ... on level 1 of the Dungeon.
             The game lasted 00:02:54 (1240 turns).

gamerape the Cudgeler (Demonspawn Gladiator)        Turns: 1240, Time: 00:02:55

Health: 0/27       AC:  4    Str: 16    XL:     3   Next: 66%
Magic:  3/3        EV: 13    Int:  9    God:
Gold:   82         SH:  0    Dex: 13    Spells: 2/2 levels left

rFire  . . .     SeeInvis .     a - +0 flail
rCold  + . .     Gourm    .     b - +0 leather armour
rNeg   . . .     Faith    .     (no shield)
rPois  .         Spirit   .     c - +0 helmet
rElec  .         Reflect  .     (no cloak)
rCorr  .         Harm     .     (no gloves)
MR     .....                    (no boots)
Stlth  +.........               (no amulet)
                                (no ring)
                                (no ring)

@: no status effects
A: cold resistance 1
a: no special abilities


You were on level 1 of the Dungeon.
You were not hungry.

You visited 1 branch of the dungeon, and saw 2 of its levels.

You collected 82 gold pieces.

Inventory:

Hand Weapons
 a - a +0 flail (weapon)
Missiles
 d - 3 throwing nets (quivered)
Armour
 b - a +0 leather armour (worn)
 c - a +0 helmet (worn)
Scrolls
 e - 2 scrolls of identify {unknown}
 k - 2 scrolls of teleportation {unknown}
 n - a scroll of fog {unknown}
Potions
 g - 3 potions of cancellation
 h - a potion of invisibility {unknown}
 i - a potion of degeneration {unknown}
 j - a potion of agility {unknown}
 l - 2 potions of cure mutation {unknown}
 m - a potion of lignification {unknown}
 o - a potion of might {unknown}
Comestibles
 f - 2 bread rations


   Skills:
 * Level 2.2 Fighting
 * Level 3.3 Maces & Flails
 + Level 2.2 Throwing
 + Level 0.5 Armour
 + Level 3.0 Dodging


You had 2 spell levels left.
You didn't know any spells.

Dungeon Overview and Level Annotations

Branches:
Dungeon (2/15)

Altars:


Innate Abilities, Weirdness & Mutations

Your flesh is cold resistant. (rC+)


Message History

The kobold hits you with a whip.
You barely miss the kobold. The kobold misses you.
You closely miss the kobold. The kobold hits you with a whip.
You barely miss the kobold. The kobold hits you with a whip.
* * * LOW HITPOINT WARNING * * *
You are too injured to fight recklessly!
You are too injured to fight recklessly!
You are too injured to fight recklessly!
You are too injured to fight recklessly!
The kobold hits you with a whip.
* * * LOW HITPOINT WARNING * * *
The kobold barely misses you.
There is a stone staircase leading up here.
The kobold hits you with a whip.
* * * LOW HITPOINT WARNING * * *
You climb upwards.
There is a stone staircase leading down here.
It was a potion of cancellation.
You feel magically purged. The kobold hits you with a whip.
You die...

..........†..........# #.#......#
.............#.......###.###.##.#
.#'#########.#.............#.##.#
.#...........##......#####.#.##.#
.............##...#...........#.#
.............##...#.######.#..#.#
.............##...#.### #.#..#.#
.............###K.....####.#..#.#
.............'.+@.....'....)..#.#
.............###......#######.#.#
.............###......+.........#
.####.................#######.###
.# #.................# #.# .#
#..............#### #.# .#
#.......#......# ####.# ##
#.....##†##.#.## #....#
#.....#.).#...# #.####


You could see a kobold.

Vanquished Creatures
  2 oozes
  3 dart slugs
  A leopard gecko (D:1)
  5 bats
  2 giant cockroaches
  5 goblins
  5 hobgoblins
  7 kobolds
  5 frilled lizards
  A rat (D:1)
36 creatures vanquished.

Notes
Turn   | Place    | Note
-------+----------+-------------------------------------------
     0 | D:1      | gamerape the Demonspawn Gladiator began the quest for the Orb.
     0 | D:1      | Reached XP level 1. HP: 16/16 MP: 1/1
    86 | D:1      | Gained mutation: Your flesh is cold resistant. (rC+) [demonic ancestry]
    86 | D:1      | Reached XP level 2. HP: 22/22 MP: 2/2
   708 | D:1      | Reached XP level 3. HP: 19/27 MP: 3/3
  1240 | D:1      | Slain by a kobold

Vault maps used:
D:1:      dpeg_arrival_solitude, minmay_distorted
D:2:      minivault_26

Skill      XL: |  1  2  3 |
---------------+----------+-----
Throwing       | 2 |  2.2
Maces & Flails | 3 |  3.3
Dodging        | 3 |  3.0
Fighting       | |  2.2
Armour         | |  0.5

Action                   || total
-------------------------++-------
Melee: Flail             ||   114
  Use: Potion            ||     1
 Stab: Sleeping          ||     1
  Eat: Chunk             ||     1
Armor: Leather armour    ||    30
Dodge: Dodged            ||    76
